 Dungeon Crawl Stone Soup version 0.26.0-10-g1f06aea511 (webtiles) character file.

Game seed: 1483684139146583377

8298 MisterFreud the Destroyer (level 11, -3/82 HPs)
             Began as a Demonspawn Conjurer on Jan 29, 2021.
             Was an Initiate of Gozag.
             Slain by a purple ugly thing (13 damage)
             ... on level 10 of the Dungeon.
             The game lasted 00:27:45 (13174 turns).

MisterFreud the Destroyer (Demonspawn Conjurer)    Turns: 13174, Time: 00:27:47

Health: -3/82      AC:  9    Str: 10    XL:     11   Next: 8%
Magic:  13/20      EV: 15    Int: 22    God:    Gozag
Gold:   1514       SH:  0    Dex: 14    Spells: 17/22 levels left

rFire    + . .     SeeInvis .   b - +1 dagger (venom)
rCold    + . .     Faith    .   (no shield)
rNeg     . . .     Spirit   .   n - +0 robe {rC+}
rPois    .         Reflect  .   K - +0 helmet
rElec    +         Harm     .   v - +2 cloak {Will+}
rCorr    .         Rampage  .   I - +0 pair of gloves
Will     +....                  l - +1 pair of boots {Stlth+}
Stlth    +++.......             A - amulet of magic regeneration
HPRegen  0.23/turn              h - +6 ring of strength
MPRegen  0.42/turn              J - -4 ring of strength (curse)

@: no status effects
A: talons 2, agile 1, fire resistance 1, powered by death 2, electricity
resistance
a: Renounce Religion, Potion Petition, Call Merchant, Bribe Branch


You were on level 10 of the Dungeon.
You worshipped Gozag.
Gozag was most pleased with you.
You visited 1 branch of the dungeon, and saw 11 of its levels.

You collected 1710 gold pieces.
You spent 173 gold pieces at shops.
You paid 23 gold pieces to Gozag.

Inventory:

Hand Weapons
 b - a +1 dagger of venom (weapon)
Missiles
 d - 25 poisoned darts
 r - 4 curare-tipped darts
 E - 4 boomerangs of dispersal
 F - 9 boomerangs
Armour
 l - a +1 pair of boots of stealth (worn)
 n - a +0 robe of cold resistance (worn)
 v - a +2 cloak of willpower (worn)
 I - a +0 pair of gloves (worn)
 K - a +0 helmet (worn)
Jewellery
 h - a +6 ring of strength (left hand)
 z - an uncursed amulet of the acrobat
 A - an amulet of magic regeneration (around neck)
 J - a cursed -4 ring of strength (right hand)
Wands
 a - a wand of enslavement (4)
 k - a wand of disintegration (19)
 q - a wand of random effects (13)
 H - a wand of digging (3)
 L - a wand of flame (29)
Scrolls
 c - 7 scrolls of teleportation {unknown}
 f - 9 scrolls of remove curse
 i - 5 scrolls of fear {unknown}
 j - a scroll of random uselessness {unknown}
 m - 2 scrolls of amnesia {unknown}
 t - 2 scrolls of enchant armour {unknown}
 u - 2 scrolls of fog {unknown}
 w - a scroll of noise {unknown}
 y - a scroll of enchant weapon {unknown}
 B - 2 scrolls of torment {unknown}
 C - 3 scrolls of identify
 D - 2 scrolls of magic mapping {unknown}
Potions
 e - 3 potions of haste
 g - a potion of brilliance
 o - a potion of ambrosia
 p - 4 potions of attraction
 s - 5 potions of flight
 x - 2 potions of lignification


   Skills:
 + Level 6.3 Fighting
 - Level 2.0 Short Blades
 - Level 5.0 Dodging
 - Level 1.7 Stealth
 - Level 6.0 Spellcasting
 - Level 10.0 Conjurations
 - Level 8.0 Hexes
 - Level 6.0 Evocations


You had 17 spell levels left.
You knew the following spells:

 Your Spells              Type           Power        Failure   Level
a - Magic Dart            Conj           100%         1%          1
b - Fulminant Prism       Conj/Hex       23%          2%          4

Your spell library contained the following spells:

 Spells                   Type           Power        Failure   Level
 Corona                   Hex            45%          1%          1
 Shock                    Conj/Air       100%         1%          1
 Searing Ray              Conj           100%         1%          2
 Confusing Touch          Hex            41%          1%          3
 Dazzling Flash           Conj/Hex       92%          1%          3
 Ensorcelled Hibernation  Hex/Ice        48%          2%          2
 Static Discharge         Conj/Air       28%          3%          3
 Summon Guardian Golem    Hex/Summ       24%          5%          3
 Animate Skeleton         Necr           12%          9%          1
 Apportation              Tloc           12%          9%          1
 Beastly Appendage        Tmut           12%          9%          1
 Summon Small Mammal      Summ           24%          9%          1
 Iskenderun's Mystic Bla  Conj/Tloc      28%          12%         4
 Sticky Flame             Conj/Fire      28%          12%         4
 Swiftness                Air            6%           14%         2
 Wereblood                Tmut           6%           14%         2
 Spider Form              Tmut/Pois      3%           26%         3
 Lightning Bolt           Conj/Air       14%          32%         5
 Airstrike                Air            3%           65%         4
 Ice Form                 Ice/Tmut       6%           65%         4
 Blade Hands              Tmut           3%           94%         5
 Discord                  Hex            20%          100%        8


Dungeon Overview and Level Annotations

Branches:
Dungeon (11/15)            Temple (0/1) D:7             Orc (0/2) D:10
   Lair: D:8-11

Altars:
Cheibriados
Dithmenos
Gozag
Kikubaaqudgha
Sif Muna
Uskayaw

Shops:
D:4 *   D:5 *

Annotations:
D:10 1 runed translucent door, exclusion: ice statue, Jaiteiro's ghost, novice FoFi


Innate Abilities, Weirdness & Mutations

You have razor-sharp toenails.
Your flesh is heat resistant. (rF+)
You regenerate health from kills.
You are agile. (Dex +2)
You are resistant to electric shocks. (rElec)


Message History

The purple ugly thing struggles to resist.
The centaur hits you!
* * * LOW HITPOINT WARNING * * *
Your fulminant prism explodes!
The blast of energy engulfs the purple ugly thing!
The purple ugly thing is heavily wounded.
The blast of energy engulfs the centaur!
The centaur is severely wounded.
The purple ugly thing misses you.
Unknown command.
Unknown command.
Casting: Fulminant Prism (dangerous; 2% risk of failure)
Confirm with . or Enter, or press ? or * to list all spells.
Aiming: Fulminant Prism (dangerous; 2% risk of failure)
Press: ? - help, Dir - move target, p - purple ugly thing You conjure a prism of explosive energy!
A fulminant prism comes into view.
The centaur misses you. The purple ugly thing gores you!
You die...
Your body crumbles into a pile of gold.

. ........................# #..#
......########.......(..# #..#
####>.# #..........####..# #..#
#)................
#..########.................
######.......[.)*.####...........
.............>((..# #...........
........########uc# #...........
######..# #@.####........... #..#
#................. #..#
#.)...............
######..########..####..########.
..................# #..# #.
..................# #..# #.
.########..#####..# #..# #. .#
#..# #..# #..########. .# #..#
#..####...........


You could see a purple ugly thing, a centaur and a friendly fulminant prism.

Vanquished Creatures
  A two-headed ogre (D:9)
  A manticore (D:10)
  A hornet (D:10)
  Prince Ribbit (D:6)
  A wyvern (D:8)
  14 yaks
  A water moccasin (D:8)
  3 orc warriors
  4 ice beasts
  2 black bears
  5 ogres
  A centaur (D:7)
  10 bullfrogs
  A wyvern skeleton (D:9)
  3 scorpions
  11 killer bees
  10 wights
  3 howler monkeys
  2 centaur zombies
  4 hounds
  11 orc priests
  Crazy Yiuf (D:5)
  A gnoll shaman (D:4)
  3 iguanas
  A jelly (D:10)
  A centaur skeleton (D:4)
  5 worker ants
  9 orc wizards
  A hound zombie (D:9)
  A howler monkey zombie (D:5)
  4 gnolls
  A howler monkey skeleton (D:5)
  11 adders
  A river rat (D:3)
  6 white imps
  2 ufetubi
  2 adder skeletons
  An adder zombie (D:5)
  5 worms
  2 dart slugs (D:1)
  5 leopard geckos
  32 orcs
  3 ball pythons
  4 giant cockroaches
  8 goblins
  12 hobgoblins
  11 jackals
  5 kobolds
  2 quokkas
  6 bats
  5 frilled lizards
  A leopard gecko skeleton (D:4)
  8 rats
250 creatures vanquished.

Vanquished Creatures (others)
  46 fulminant prisms
  10 plants
56 creatures vanquished.

Grand Total: 306 creatures vanquished

Notes
Turn   | Place    | Note
-------+----------+-------------------------------------------
     0 | D:1      | MisterFreud the Demonspawn Conjurer began the quest for the
                  | Orb.
     0 | D:1      | Reached XP level 1. HP: 13/13 MP: 3/3
   154 | D:1      | Gained mutation: You have sharp toenails. [demonic
                  | ancestry]
   154 | D:1      | Reached XP level 2. HP: 19/19 MP: 1/5
   550 | D:1      | Reached skill level 5 in Conjurations
   606 | D:1      | Reached XP level 3. HP: 19/24 MP: 4/6
  1716 | D:2      | Reached XP level 4. HP: 30/30 MP: 3/7
  2198 | D:3      | Reached skill level 6 in Conjurations
  2379 | D:3      | Reached XP level 5. HP: 6/35 MP: 2/8
  3391 | D:4      | Found Cihoc's General Store.
  3735 | D:4      | Reached XP level 6. HP: 28/41 MP: 10/10
  4020 | D:4      | Found an ancient bone altar of Kikubaaqudgha.
  4185 | D:4      | Found a shimmering blue altar of Sif Muna.
  4387 | D:4      | Reached skill level 7 in Conjurations
  4531 | D:4      | Found an opulent altar of Gozag.
  4577 | D:4      | Gained mutation: You regenerate a little health from kills.
                  | [demonic ancestry]
  4577 | D:4      | Reached XP level 7. HP: 33/46 MP: 7/13
  4712 | D:4      | Became a worshipper of Gozag Ym Sagoz the Greedy
  4957 | D:5      | Entered Level 5 of the Dungeon
  5461 | D:5      | Reached skill level 8 in Conjurations
  5466 | D:5      | Learned a level 4 spell: Fulminant Prism
  5849 | D:5      | Reached skill level 1 in Fighting
  5875 | D:5      | Reached skill level 1 in Hexes
  5952 | D:5      | Found a runed translucent door.
  5953 | D:5      | Noticed Crazy Yiuf
  5962 | D:5      | Killed Crazy Yiuf
  6379 | D:5      | Found Udenou's Assorted Antiques.
  6387 | D:5      | Bought a scroll labelled VYRGHI DAFEPAUQ DARR for 26 gold
                  | pieces
  6387 | D:5      | Bought a scroll labelled ZIMAGUJIL for 26 gold pieces
  6387 | D:5      | Bought a scroll labelled XABBEM KUYJUKO for 26 gold pieces
  6387 | D:5      | Bought 2 fizzy silvery potions for 46 gold pieces
  6387 | D:5      | Bought a brown potion for 23 gold pieces
  6387 | D:5      | Bought a scroll labelled VOIHIW JILYU for 26 gold pieces
  7073 | D:6      | Found a snail-covered altar of Cheibriados.
  7170 | D:6      | Gained mutation: Your flesh is heat resistant. (rF+)
                  | [demonic ancestry]
  7170 | D:6      | Reached XP level 8. HP: 42/58 MP: 11/14
  7518 | D:6      | Noticed Prince Ribbit
  7820 | D:6      | Killed Prince Ribbit
  8025 | D:6      | Reached skill level 5 in Hexes
  9012 | D:7      | Identified Sif Muna's Compendium of Enchanting
                  | Confrontation
  9335 | D:7      | Found a staircase to the Ecumenical Temple.
  9548 | D:8      | Gained mutation: You regenerate health from kills. [demonic
                  | ancestry]
  9548 | D:8      | Reached XP level 9. HP: 56/65 MP: 15/15
  9576 | D:8      | Reached skill level 5 in Dodging
  9754 | D:8      | Found a shadowy altar of Dithmenos.
  9769 | D:8      | Reached skill level 9 in Conjurations
 10211 | D:9      | Reached skill level 10 in Conjurations
 10269 | D:9      | Reached skill level 1 in Short Blades
 10515 | D:9      | Reached skill level 5 in Spellcasting
 10704 | D:9      | Reached XP level 10. HP: 51/71 MP: 10/19
 11073 | D:9      | Found a hide-covered altar of Uskayaw.
 11130 | D:9      | Noticed a two-headed ogre
 11148 | D:9      | Killed a two-headed ogre
 11693 | D:10     | Entered Level 10 of the Dungeon
 11758 | D:10     | HP: 2/71 [killer bee (8)]
 11759 | D:10     | Gained mutation: You are resistant to electric shocks.
                  | (rElec) [potion of mutation]
 11759 | D:10     | Gained mutation: You are agile. (Dex +2) [potion of
                  | mutation]
 11982 | D:10     | Reached skill level 5 in Evocations
 12195 | D:10     | Found a runed translucent door.
 12197 | D:10     | Noticed Jaiteiro's ghost (novice FoFi)
 12346 | D:10     | Paralysed by a hornet for 2 turns
 12348 | D:10     | HP: 2/73 [hornet (8)]
 12353 | D:10     | Reached skill level 5 in Fighting
 12387 | D:11     | Noticed a boulder beetle
 12393 | D:11     | Noticed a purple ugly thing
 12554 | D:10     | Noticed an ice statue
 12603 | D:10     | Found a staircase to the Orcish Mines.
 12625 | D:10     | Noticed a manticore
 12635 | D:10     | Killed a manticore
 12636 | D:10     | Gained mutation: You have razor-sharp toenails. [demonic
                  | ancestry]
 12636 | D:10     | Reached XP level 11. HP: 60/81 MP: 7/20
 13174 | D:10     | Slain by a purple ugly thing

Illustrated notes

Levels and vault maps discovered:
D:1:      tarquinn_simple_flora_water_e, layout_rooms
D:2:      layout_basic
D:3:      layout_basic, gup_sewer_entry_spiral
D:4:      layout_basic, nicolae_gozag_cash_rules_everything_around_me,
          lemuel_coloured_pillars_altar, general_overflow_altar, serial_shops,
          nicolae_shop_behind_doors
D:5:      layout_basic, serial_shops, shop, uniq_crazy_yiuf_cottage
D:6:      layout_loops_ring, nicolae_overflow_crystal_walls,
          kennysheep_generic_room_15, uniq_prince_ribbit1
D:7:      layout_basic, minmay_temple_entry_stoned_glass
D:8:      layout_cave_pools, grunt_dithmenos_smoke
D:9:      layout_roguey, basic_altar, abandoned_shop, hangedman_decor_growths
D:10:     layout_small_grid, orc_0_dummy, hellmonk_ghost_happy_afterlife,
          abandoned_shop, minivault_16
D:11:     nzn_winding_woodlands_stair_cross
          [nzn_winding_woodlands_5x15_split_checker,
          nzn_winding_woodlands_center_garden,
          nzn_winding_woodlands_5x15_zeroes, nzn_winding_woodlands_5x5_default,
          nzn_winding_woodlands_5x5_checkerboard,
          nzn_winding_woodlands_5x15_parted, nzn_winding_woodlands_center_lodge,
          nzn_winding_woodlands_5x15_twine], layout_layer_cave,
          david_lair_generic, enter_bailey_5, bh_hangedman_babel_library

Skill      XL: |  1  2  3  4  5  6  7  8  9 10 |
---------------+-------------------------------+-----
Conjurations   | 5 6 7 8 10 | 10.0
Spellcasting   | 3 4 6 |  6.0
Fighting       | 3 4 6 |  6.3
Hexes          | 3 6 8 |  8.0
Dodging        | 4 5 |  5.0
Short Blades   | 2 |  2.0
Evocations     | 6 |  6.0
Stealth        | |  1.7

Action                   |  1- 3 |  4- 6 |  7- 9 | 10-12 || total
-------------------------+-------+-------+-------+-------++-------
Melee: Dagger            |     9 |    53 |   162 |   144 ||   368
       Kick              |     1 |       |       |       ||     1
 Cast: Magic Dart        |    88 |    84 |   224 |    73 ||   469
       Fulminant Prism   |       |       |    18 |    29 ||    47
Evoke: Wand              |       |       |       |     3 ||     3
  Use: Scroll            |       |       |     8 |       ||     8
       Potion            |       |       |     2 |     5 ||     7
 Stab: Sleeping          |       |     1 |     3 |       ||     4
Armor: Robe              |     2 |     7 |    55 |    61 ||   125
Dodge: Dodged            |    11 |    21 |   141 |   161 ||   334
